Map: [ESL] Tropical Sacrifice

Players

Zain

  • Race: Protoss Protoss
  • Spawn Location: 7:00

Aristori - Winner!

  • Race: Zerg Zerg
  • Spawn Location: 1:00

Event: DreamHack SC2 Masters 2022 Valencia

VOD

Have the link to the VOD?

Description

Time

  • Played on: July 1, 2022, 1:57 p.m.
  • Length: 11:18

All games in this series

Show
View Real Time Build Order
Export as new Build Order

Zain Protoss 

Build Orders: 1 Gate Expand, Oracle Opening 

Get SALT Encoding   

  12  0:00  Probe  
  13  0:12  Probe  
  14  0:20  Pylon  
  14  0:24  Probe  
  15  0:38  Probe (Chrono Boost)  
  15  0:41  Gateway  
  16  0:47  Probe (Chrono Boost), Assimilator  
  17  0:53  Probe  
  18  1:05  Probe  
  19  1:17  Probe  
  20  1:24  Nexus  
  20  1:35  Cybernetics Core  
  20  1:37  Probe  
  21  1:44  Assimilator  
  21  1:50  Probe  
  21  1:53  Pylon  
  22  2:02  Probe  
  23  2:09  Adept (Chrono Boost)  
  23  2:14  Probe  
  26  2:22  Stargate  
  26  2:27  Probe (Chrono Boost)  
  26  2:29  Adept (Chrono Boost)  
  27  2:35  Warp Gate  
  29  2:37  Probe (Chrono Boost)  
  31  2:44  Probe (Chrono Boost)  
  31  2:46  Probe (Chrono Boost)  
  31  2:50  Probe (Chrono Boost)  
  33  2:51  Stalker  
  33  2:56  Probe  
  36  3:02  Probe  
  36  3:03  Pylon  
  37  3:08  Probe  
  37  3:09  Oracle (Chrono Boost)  
  41  3:15  Probe  
  42  3:26  Probe  
  43  3:31  Probe  
  42  3:38  Probe, Gateway  
  42  3:40  Oracle (Chrono Boost)  
  41  3:43  Probe  
  45  3:51  Nexus  
  45  3:53  Probe  
  46  3:56  Pylon  
  46  3:59  Probe  
  47  4:05  Probe, Assimilator  
  48  4:11  Oracle, Probe  
  52  4:17  Probe  
  52  4:23  Probe  
  52  4:24  Stalker  
  56  4:29  Probe  
  57  4:35  Stalker, Probe  
  59  4:41  Probe  
  59  4:42  Twilight Council  
  59  4:44  Gateway  
  60  4:47  Probe, Gateway  
  60  4:53  Probe  
  61  5:01  Probe  
  61  5:05  Probe  
  63  5:07  Probe  
  63  5:08  Stalker x2  
  63  5:12  Blink (Chrono Boost)  
  68  5:15  Probe  
  68  5:19  Probe  
  70  5:22  Nexus  
  70  5:26  Probe  
  71  5:30  Pylon, Probe  
  71  5:31  Probe  
  73  5:36  Pylon  
  73  5:38  Probe  
  73  5:42  Forge x2  
  74  5:43  Pylon  
  74  5:44  Probe  
  74  5:45  Probe  
  74  5:49  Assimilator  
  76  5:50  Probe  
  76  5:53  Stalker  
  79  5:58  Gateway  
  79  6:00  Gateway  
  79  6:02  Probe  
  79  6:03  Gateway  
  80  6:05  Gateway  
  80  6:09  Stalker, Probe  
  83  6:12  Shield Battery  
  83  6:14  Probe  
  83  6:17  Stalker  
  86  6:19  Probe  
  87  6:28  Probe  
  87  6:30  Nexus  
  87  6:32  Protoss Ground Weapons Level 1 (Chrono Boost), Protoss Ground Armor Level 1 (Chrono Boost)  
  86  6:33  Stalker  
  86  6:34  Probe  
  86  6:37  Probe  
  88  6:43  Probe  
  88  6:46  Probe  
  90  6:47  Shield Battery  
  90  6:52  Probe  
  90  6:53  Zealot x2  
  90  6:56  Probe  
  90  6:58  Zealot x2  
  90  6:59  Zealot  
  97  7:05  Charge (Chrono Boost)  
  97  7:08  Probe  
  96  7:23  Pylon  
  96  7:25  Pylon  
  96  7:28  Probe  
  93  7:34  Pylon  
  93  7:36  Pylon  
  93  7:41  Probe x3  
  93  7:43  Probe  
  97  7:44  Photon Cannon  
  97  7:51  Stalker  
  97  7:53  Probe x3  
  97  7:55  Probe  
  103  8:00  Stalker x4  
  103  8:04  Gateway  
  103  8:05  Probe x3  
  114  8:06  Gateway  
  114  8:08  Probe  
  115  8:13  Photon Cannon  
  115  8:15  Stalker x3  
  115  8:17  Probe  
  122  8:22  Protoss Ground Armor Level 2 (Chrono Boost), Protoss Ground Weapons Level 2 (Chrono Boost)  
  122  8:23  Probe  
  118  8:32  Oracle  
  119  8:35  Stalker x3  
  119  8:40  Probe x2  
  110  8:49  Stalker  
  110  8:50  Zealot x3  
  110  8:53  Probe  
  110  8:54  Probe x3  
  109  9:05  Probe, Zealot x3  
  109  9:06  Probe x2  
  109  9:09  Oracle  
  117  9:10  Stalker  
  118  9:18  Probe x3  
  118  9:22  Probe  
  117  9:26  Sentry x2  
  117  9:27  Sentry, Zealot  
  117  9:29  Nexus  
  117  9:30  Probe x2  
  123  9:37  Stalker x3  
  129  9:41  Pylon  
  129  9:42  Pylon  
  129  9:43  Probe  
  130  9:51  Probe  
  131  9:56  Sentry x3  
  131  9:57  Zealot x2  
  131  10:09  Zealot x3  
  131  10:10  Zealot  
  127  10:20  Probe x2, Zealot  
  127  10:21  Zealot x4  
  125  10:22  Probe  
  108  10:31  Zealot x2  
  108  10:32  Probe x2  
  108  10:34  Probe  
  105  10:41  Zealot  
  90  10:52  Zealot x4  
  95  10:57  Zealot  
  97  11:06  Probe x3  
Show
View Real Time Build Order
Export as new Build Order

Aristori Zerg - Winner!

Build Orders: Hatch First 

Get SALT Encoding   

  12  0:04  Drone  
  13  0:12  Overlord  
  13  0:20  Drone  
  14  0:31  Drone x2  
  16  0:50  Hatchery  
  16  0:53  Drone  
  16  0:56  Drone  
  17  0:59  Drone  
  18  1:10  Extractor  
  17  1:15  Spawning Pool  
  16  1:19  Drone  
  16  1:22  Drone  
  18  1:31  Drone  
  19  1:42  Drone  
  20  1:56  Overlord  
  20  2:03  Queen x2  
  20  2:04  Zergling x4  
  26  2:13  Drone  
  26  2:14  Drone  
  28  2:15  Metabolic Boost  
  28  2:25  Drone x2  
  30  2:38  Hatchery  
  29  2:45  Queen  
  29  2:50  Overlord  
  31  2:54  Drone  
  31  2:55  Drone  
  31  2:56  Drone  
  34  3:04  Overlord  
  34  3:05  Drone  
  35  3:11  Queen  
  35  3:12  Drone  
  36  3:23  Zergling x2  
  36  3:24  Zergling x6  
  36  3:26  Drone  
  38  3:33  Spore Crawler, Drone  
  38  3:34  Drone  
  39  3:44  Drone  
  39  3:45  Drone x3  
  43  3:51  Queen  
  43  3:55  Drone x3  
  48  4:00  Queen  
  50  4:03  Drone  
  50  4:07  Overlord  
  50  4:11  Drone  
  50  4:12  Drone  
  52  4:18  Spore Crawler, Drone  
  52  4:19  Drone  
  53  4:24  Spore Crawler  
  53  4:25  Spore Crawler  
  53  4:27  Drone x2  
  53  4:34  Overlord  
  53  4:38  Drone x5  
  54  4:44  Drone  
  59  4:46  Evolution Chamber  
  58  4:53  Drone x6  
  64  5:03  Extractor  
  64  5:04  Extractor  
  64  5:05  Roach Warren  
  64  5:06  Drone x4  
  65  5:12  Drone x3  
  68  5:14  Overlord  
  68  5:18  Zerg Melee Weapons Level 1  
  68  5:22  Lair  
  68  5:24  Drone x2  
  69  5:31  Overlord  
  69  5:40  Zergling x18  
  78  5:52  Drone x3  
  78  5:53  Drone x2  
  78  5:56  Overlord  
  83  6:01  Hatchery  
  82  6:04  Extractor x2  
  82  6:05  Overlord  
  82  6:07  Zergling x12  
  86  6:11  Overlord  
  86  6:22  Drone x8  
  92  6:29  Glial Reconstitution  
  89  6:35  Drone x6  
  95  6:43  Overlord x2  
  95  6:47  Overlord  
  94  6:58  Roach x9  
  94  7:01  Overlord  
  109  7:07  Drone  
  107  7:11  Evolution Chamber, Overlord  
  107  7:15  Roach x5  
  113  7:20  Overlord  
  113  7:24  Roach  
  113  7:25  Roach x5  
  123  7:32  Extractor  
  123  7:33  Roach x2  
  123  7:35  Overlord  
  125  7:40  Zerg Missile Weapons Level 1, Zerg Melee Weapons Level 2  
  125  7:42  Roach  
  125  7:43  Roach x5  
  137  7:49  Queen  
  137  7:51  Spore Crawler  
  138  7:54  Roach x5  
  148  7:59  Roach  
  148  8:00  Roach x2  
  154  8:06  Overlord  
  154  8:07  Overlord  
  154  8:10  Zergling x12  
  154  8:11  Zergling x2  
  161  8:14  Drone x3  
  164  8:28  Zergling x14  
  161  8:41  Zergling x18  
  154  8:46  Overlord  
  155  8:52  Roach x7  
  155  8:56  Overlord  
  155  9:00  Overlord  
  143  9:05  Roach x7  
  145  9:21  Zergling x2  
  145  9:22  Zergling x20  
  149  9:25  Queen x2  
  152  9:32  Roach x2  
  152  9:36  Roach x4  
  164  9:41  Extractor  
  161  9:49  Roach x9  
  161  9:51  Hatchery  
  176  9:54  Queen x2  
  160  10:10  Roach x11  
  175  10:14  Roach  
  175  10:15  Roach  
  160  10:29  Hydralisk Den  
  160  10:30  Infestation Pit  
  160  10:33  Roach x8  
  138  10:52  Roach x10  
  138  10:53  Roach  
  138  10:55  Ravager x3  
  138  10:56  Ravager x2  
  151  10:57  Ravager  
  151  10:58  Ravager x2  
  151  10:59  Ravager  

Tags
 
Add a new tag
Caveats
  • Supply blocks, unpowered buildings, or Contaminate may cause inaccurate times.
  • Supply counts are checked every 10 seconds.